 Dungeon Crawl Stone Soup version 0.31-a0-128-g25add195a6 (webtiles) character file.

Game seed: 16564023867287225537

140 ders the Digger (level 5, -2/28 HPs)
             Began as a Gargoyle Earth Elementalist on June 1, 2023.
             Was a Follower of Vehumet.
             Slain by an iguana (7 damage)
             ... on level 4 of the Dungeon.
             The game lasted 00:03:32 (3053 turns).

ders the Digger (Gargoyle Earth Elementalist)       Turns: 3053, Time: 00:03:32

Health: -2/28      AC:  7    Str: 12    XL:     5   Next: 22%
Magic:  4/9        EV: 11    Int: 17    God:    Vehumet [*.....]
Gold:   185        SH:  0    Dex: 10    Spells: 8/9 levels left

rFire   . . .        t - +1 mace (protect)
rCold   . . .        (no shield)
rNeg    + . .        a - +0 robe
rPois   ∞            (no helmet)
rElec   +            (no cloak)
rCorr   .            n - +0 pair of gloves
SInv    .            (no boots)
Will    .....        (no amulet)
Stlth   ++           (no ring)
HPRegen 0.24/turn    (no ring)
MPRegen 0.11/turn

%: no passive effects
@: very slightly contaminated
A: sickness immunity, AC +4, negative energy resistance 1, electricity
resistance, torment resistance 1, petrification resistance
a: Renounce Religion


You were on level 4 of the Dungeon.
You worshipped Vehumet.
Vehumet was aware of your devotion.
You visited 1 branch of the dungeon, and saw 4 of its levels.

You collected 185 gold pieces.

Inventory:

Hand Weapons
 t - a +1 mace of protection (weapon)
Armour
 a - a +0 robe (worn)
 n - a +0 pair of gloves (worn)
Jewellery
 f - a ring of ice
Wands
 u - a wand of mindburst (6)
Scrolls
 c - 2 scrolls of teleportation {unknown}
 d - 3 scrolls of identify {unknown}
 i - a scroll of vulnerability {unknown}
 j - a scroll of enchant armour {unknown}
 k - a scroll of enchant weapon {unknown}
 l - a scroll of noise {unknown}
 o - a scroll of magic mapping {unknown}
 p - 2 scrolls of fear {unknown}
 s - a scroll of blinking {unknown}
Potions
 b - a potion of degeneration {unknown}
 e - a potion of might {unknown}
 g - 3 potions of enlightenment {unknown}
 h - a potion of lignification {unknown}
 m - a potion of ambrosia {unknown}
 q - 2 potions of curing
 r - a potion of resistance {unknown}


   Skills:
 - Level 1.5 Dodging
 - Level 2.1 Stealth
 + Level 2.9 Spellcasting
 * Level 3.6 Conjurations
 - Level 0.7 Transmutations
 + Level 4.6 Earth Magic


You had 8 spell levels left.
You knew the following spells:

 Your Spells              Type           Power      Damage    Failure   Level
a - Sandblast             Erth           36%        2d10      2%          1

Your spell library contained the following spells:

 Spells                   Type           Power      Damage    Failure   Level
 Kiss of Death            Conj/Necr      32%        2d7       9%          1
 Magic Dart               Conj           56%        1d5       4%          1
 Passwall                 Tmut/Erth      9%         N/A       9%          2
 Stone Arrow              Conj/Erth      32%        3d9       10%         3
 Momentum Strike          Conj/Tloc      16%        3d8       13%         2
 Blink                    Tloc           4%         N/A       26%         2
 Call Imp                 Summ           4%         N/A       26%         2
 Lesser Beckoning         Tloc           4%         N/A       26%         2
 Mephitic Cloud           Conj/Pois/Air  6%         N/A       32%         3
 Gell's Gravitas          Tloc           2%         N/A       47%         3
 Teleport Other           Tloc           2%         N/A       47%         3
 Petrify                  Tmut/Erth      11%        N/A       52%         4


Dungeon Overview and Level Annotations

Branches:
Dungeon (4/15)
 Temple: D:4-7

Altars:
Uskayaw
Vehumet

Annotations:
D:4 2 runed translucent doors


Innate Abilities, Weirdness & Mutations

You are immune to sickness and miasma.
Your stone body is resilient. (AC +4)
You are immune to poison.
You resist negative energy. (rN+)
You are resistant to electric shocks. (rElec)
You are resistant to unholy torment.
You are immune to petrification.


Message History

You kill the giant cockroach!
Vehumet accepts your kill.
Unknown command.
Casting: Sandblast (safe; 2% risk of failure)
Confirm with . or Enter, or press ? or * to list all spells.
Aiming: Sandblast (safe; 2% risk of failure)
Press: ? - help, Shift-Dir - straight line, f - iguana
Aim: an iguana (84% to hit)
The blast of sand hits the iguana!
The iguana is heavily wounded.
Unknown command.
The iguana bites you!
Casting: Sandblast (safe; 2% risk of failure)
Confirm with . or Enter, or press ? or * to list all spells.
Aiming: Sandblast (safe; 2% risk of failure)
Press: ? - help, Shift-Dir - straight line, f/p - iguana
Aim: an iguana (heavily wounded, 84% to hit)
The blast of sand hits the iguana.
The iguana is severely wounded.
The iguana bites you. The iguana barely misses you.
Unknown command.
Casting: Sandblast (safe; 2% risk of failure)
Confirm with . or Enter, or press ? or * to list all spells.
Aiming: Sandblast (safe; 2% risk of failure)
Press: ? - help, Shift-Dir - straight line, f/p - iguana
Aim: an iguana (severely wounded, 84% to hit)
The blast of sand hits the iguana but does no damage.
The iguana is severely wounded.
The iguana bites you!
* * * LOW HITPOINT WARNING * * *
Unknown command.
Casting: Sandblast (safe; 2% risk of failure)
Confirm with . or Enter, or press ? or * to list all spells.
Aiming: Sandblast (safe; 2% risk of failure)
Press: ? - help, Shift-Dir - straight line, f/p - iguana
Aim: an iguana (severely wounded, 84% to hit)
You miscast Sandblast.
You are very lightly contaminated with residual magic.
Nothing appears to happen.
The iguana bites you!
You die...

#### ...# ...#
...#### .......
##########...###.
###.....:..@l......
....##.....######..
#........#
#.##..8+8#
##.#.##### #.#..+..
#.######.#..+..
.........#.#####
..######.8+8#


You could see an iguana.

Vanquished Creatures
  An orc priest (D:3)
  Robin (D:2)
  3 adders
  4 dart slugs
  5 orcs
  5 bats
  An endoplasm (D:4)
  2 giant cockroaches (D:4)
  9 goblins
  5 hobgoblins
  7 jackals
  A quokka (D:2)
  7 ball pythons
  2 frilled lizards
  2 kobolds
  5 rats
60 creatures vanquished.

Notes
Turn   | Place    | Note
-------+----------+-------------------------------------------
     0 | D:1      | ders the Gargoyle Earth Elementalist began the quest for
                  | the Orb.
     0 | D:1      | Reached XP level 1. HP: 10/10 MP: 3/3
    98 | D:1      | Reached skill level 1 in Conjurations
   134 | D:1      | Reached XP level 2. HP: 11/15 MP: 3/5
   681 | D:2      | Noticed Robin
   763 | D:2      | Reached skill level 4 in Earth Magic
   764 | D:2      | Reached XP level 3. HP: 10/19 MP: 3/6
   804 | D:2      | Killed Robin
  1236 | D:2      | Found a radiant altar of Vehumet.
  1347 | D:2      | Became a worshipper of Vehumet
  1593 | D:3      | Identified the +3 leather armour of the Moon {SInv}
  1750 | D:3      | Reached XP level 4. HP: 5/24 MP: 1/7
  2033 | D:3      | Found a hide-covered altar of Uskayaw.
  2630 | D:4      | Reached XP level 5. HP: 17/28 MP: 6/9
  2753 | D:3      | Reached * piety under Vehumet
  2753 | D:3      | Offered knowledge of Kiss of Death by Vehumet.
  3017 | D:4      | Found a large runed translucent door.
  3017 | D:4      | Found a large runed translucent door.
  3053 | D:4      | Slain by an iguana

Illustrated notes

Levels and vault maps discovered:
D:1:      wander_arrival_abandoned_jail, layout_loops_ring
D:2:      layout_loops_ring, basic_altar, uniq_robin
D:3:      layout_loops_ring, mainiacjoe_overflow_surrounded_room
D:4:      layout_rooms, jmf_multi_god_temple2, uniq_natasha

Skill      XL: |  1  2  3  4 |
---------------+-------------+-----
Conjurations   | 1 2 3 |  3.6
Earth Magic    | 4 |  4.6
Dodging        | |  1.5
Stealth        | |  2.1
Spellcasting   | |  2.9
Transmutations | |  0.7

Action                     |  1- 3 |  4- 6 || total
---------------------------+-------+-------++-------
  Melee: Unarmed           |       |     3 ||     3
   Cast: Sandblast         |    48 |    61 ||   109
    Use: Potion            |     1 |     1 ||     2
 Armour: Robe              |    11 |    35 ||    46
  Dodge: Dodged            |    23 |    36 ||    59

Table legend: (Time is in decaauts)
 A = Elapsed time spent in this place.
 B = Non-inter-level travel time spent in this place.
 C = Inter-level travel time spent in this place.
 D = Time resting spent in this place.
 E = Time spent auto-exploring this place.
 F = Levels seen in this place.
 G = Mean time per level.
                   A        B        C        D        E       F      G
               +--------+--------+--------+--------+--------+-----+--------+
         Total |   3109 |   3009 |    100 |    432 |   2123 |   4 |  777.2 |
       Dungeon |   3109 |   3009 |    100 |    432 |   2123 |   4 |  777.2 |
               +--------+--------+--------+--------+--------+-----+--------+

Top non-repeatable levels by time:
     D:3: 1167 daAuts
     D:1: 798 daAuts
     D:2: 787 daAuts
     D:4: 356 daAuts
